Map: Turbo Cruise '84 LE

Players

xKawaiian - Winner!

  • Race: Terran Terran
  • League: Master
  • Spawn Location: 7:00

MrSepticTank

  • Race: Terran Terran
  • League: Master
  • Spawn Location: 3:00

VOD

Have the link to the VOD?

Description

Time

  • Played on: Aug. 2, 2019, 12:18 p.m.
  • Length: 5:31
Show
View Real Time Build Order
Export as new Build Order

xKawaiian Terran - Winner!

Build Orders: 1/1/1 

Get SALT Encoding   

  12  0:00  SCV  
  13  0:13  SCV  
  14  0:17  Supply Depot  
  14  0:25  SCV  
  15  0:31  Refinery  
  15  0:39  SCV  
  16  0:45  Barracks  
  16  0:51  SCV  
  17  1:01  Refinery  
  17  1:03  SCV  
  18  1:15  SCV  
  19  1:32  Orbital Command  
  19  1:35  Barracks Reactor  
  19  1:40  Factory  
  19  1:48  Supply Depot  
  19  1:58  SCV  
  20  2:10  SCV  
  20  2:12  Reaper x2  
  23  2:24  Hellion  
  23  2:25  Starport  
  23  2:29  SCV  
  26  2:34  Supply Depot  
  26  2:41  SCV  
  26  2:44  Reaper x2  
  29  2:52  Hellion  
  29  2:56  SCV  
  32  3:01  Supply Depot  
  32  3:04  Medivac  
  34  3:10  SCV  
  35  3:14  Hellion  
  37  3:22  Reaper x2  
  37  3:26  Supply Depot  
  39  3:37  Hellion  
  41  3:49  Supply Depot  
  41  3:55  Reaper x2  
  43  4:09  Liberator  
  36  4:25  SCV  
  36  4:27  Hellion  
  36  4:29  Reaper  
  41  4:31  Command Center  
  41  4:37  SCV  
  41  4:52  SCV  
  42  5:05  Factory Tech Lab  
  39  5:07  Command Center  
Show
View Real Time Build Order
Export as new Build Order

MrSepticTank Terran 

Build Orders:  

Get SALT Encoding   

  12  0:01  SCV  
  13  0:13  SCV  
  14  0:17  Supply Depot  
  14  0:25  SCV  
  15  0:28  Refinery  
  15  0:39  SCV  
  16  0:45  Barracks  
  16  0:51  SCV  
  16  0:56  Refinery  
  17  1:03  SCV  
  18  1:15  SCV  
  19  1:32  Reaper  
  20  1:33  Orbital Command  
  20  1:37  Factory  
  20  1:45  Supply Depot  
  20  1:59  SCV  
  21  2:04  Barracks Reactor  
  21  2:11  SCV  
  22  2:22  Hellion  
  24  2:25  SCV  
  25  2:32  Command Center  
  25  2:41  Starport  
  25  2:46  Factory Tech Lab  
  25  2:48  SCV  
  26  2:53  Supply Depot  
  26  2:58  Marine  
  26  2:59  Marine  
  26  3:01  SCV  
  29  3:15  Cyclone  
  29  3:16  SCV  
  29  3:18  Starport Tech Lab  
  33  3:22  Marine x2  
  35  3:27  Supply Depot  
  35  3:29  SCV  
  36  3:39  Raven  
  38  3:41  SCV  
  38  3:43  Marine x2  
  41  3:50  Orbital Command  
  41  3:53  SCV  
  42  3:59  Siege Tank  
  43  4:11  Marine  
  43  4:12  SCV  
  38  4:20  SCV  
  34  4:24  SCV  
  34  4:31  Marine x2  
  33  4:32  SCV  
  33  4:36  SCV  
  32  4:44  SCV  
  31  4:55  SCV  
  29  5:09  SCV  
Tags
 
Matchup
TvT
Opening
1/1/1
Player
xKawaiian
Race
Terran
Spawn Locations
Cross Positions
Add a new tag
Caveats
  • Supply blocks, unpowered buildings, or Contaminate may cause inaccurate times.
  • Supply counts are checked every 10 seconds.